 Dungeon Crawl Stone Soup version 0.29.1-1-gd02db6906a (webtiles) character file.

Game seed: 17745139296147187740

151 101zpm the Magician (level 5, -6/35 HPs)
             Began as a Djinni Fire Elementalist on Oct 3, 2022.
             Mangled by an iguana (7 damage)
             ... on level 4 of the Dungeon.
             The game lasted 00:05:07 (1141 turns).

101zpm the Magician (Djinni Fire Elementalist)      Turns: 1141, Time: 00:05:08

Health: -6/35      AC:  2    Str:  7    XL:     5   Next: 60%
Gold:   29         EV: 12    Int: 25    God:
                   SH:  0    Dex: 13

rFire   + + .      SeeInvis +   (no weapon)
rCold   x . .      Faith    .   (no shield)
rNeg    . . .      Spirit   .   a - +0 robe
rPois   ∞          Reflect  .   (no helmet)
rElec   .          Harm     .   (no cloak)
rCorr   .          Rampage  .   (no gloves)
Will    .....                   (boots unavailable)
Stlth   ++........              (no amulet)
HPRegen 0.11/turn               e - +6 ring of intelligence
MPRegen 0.00/turn               f - ring of see invisible

@: flying
A: sickness immunity, fire resistance 2, cold vulnerability 1, float, innate
caster, HP casting, extra vitality 1
a: no special abilities


You were on level 4 of the Dungeon.
You visited 1 branch of the dungeon, and saw 4 of its levels.

You collected 29 gold pieces.

Inventory:

Armour
 a - a +0 robe (worn)
Jewellery
 e - a +6 ring of intelligence (left hand)
 f - a ring of see invisible (right hand)
Scrolls
 b - a scroll of teleportation {unknown}
 c - 2 scrolls of identify {unknown}
Potions
 d - a potion of mutation {unknown}


   Skills:
 + Level 2.6 Dodging
 + Level 2.0 Stealth
 + Level 4.3 Spellcasting


You couldn't memorise any spells.
You knew the following spells:

 Your Spells              Type           Power      Damage    Failure   Level
a - Foxfire               Conj/Fire      100%       2x1d9     1%          1
b - Scorch                Fire           52%        2d8       2%          2
c - Conjure Flame         Conj/Fire      26%        6-21      4%          3
d - Inner Flame           Hex/Fire       26%        N/A       4%          3
e - Flame Wave            Conj/Fire      26%        2d8       16%         4
f - Magic Dart            Conj           100%       1d8       1%          1
g - Static Discharge      Conj/Air       26%        3-7/arc   2%          2
Your spell library was empty.

Dungeon Overview and Level Annotations

Branches:
Dungeon (4/15)
 Temple: D:4-7

Altars:


Innate Abilities, Weirdness & Mutations

You are immune to sickness and miasma.
You are immune to poison.
Your flesh is very heat resistant. (rF++)
You are vulnerable to cold. (rC-)
You float through the air rather than walking.
You learn spells naturally, not from books.
Your magical power is your life essence.
You have superior vitality. (+4 MHP)


Message History

Press: ? - help, Dir - move target, f - goblin
Aim: a goblin, wielding a +0 club (ally target) Attack!
A goblin comes into view. It is wielding a +0 club.
An iguana comes into view.
Your foxfire dissipates!
The iguana moves out of view.
Found 2 fizzy golden potions.
Casting: Foxfire (safe; 1% risk of failure)
Press: ? - help, Q - select action, (/) - cycle Dir - look around, f - activate You conjure some foxfire!
* * * LOW HITPOINT WARNING * * *
A goblin comes into view. It is wielding a +0 club.
The foxfire hits the goblin.
The goblin is severely wounded.
The foxfire hits the goblin.
You kill the goblin!
A scorpion comes into view.
The scorpion attacks as you move away! The scorpion closely misses you.
The scorpion falls through a shaft!
The shaft crumbles and collapses.
Casting: Foxfire (safe; 1% risk of failure)
Confirm with . or Enter, or press ? or * to list all spells.
You don't have enough health to cast this spell.
What are your orders? t - Shout!
Orders for allies: a - Attack new target. r - Retreat! s - Stop attacking. g - Guard the area. f - Follow me.
Anything else - Cancel.
Okay, then.
Casting: Foxfire (safe; 1% risk of failure)
Confirm with . or Enter, or press ? or * to list all spells.
Flames lash the iguana.
The iguana is almost dead.
The iguana's fire resistance burns away.
* * * LOW HITPOINT WARNING * * *
You barely miss the iguana.
The iguana is almost dead.
The iguana bites you!
You die...

####### .. #.##..##
...##@.....##
...#.l......##
......g.......#
....)........##
.....))÷.<....##
...............#
#............#####
#.........#.## #.##
#........######..##


You could see an iguana (combustible) and a goblin.

Vanquished Creatures
  A hound (D:4)
  2 iguanas (D:4)
  Robin (D:4)
  2 adders
  A worm (D:2)
  4 orcs (D:4)
  4 bats
  A giant cockroach (D:2)
  10 goblins
  3 hobgoblins (D:4)
  2 jackals (D:2)
  3 ball pythons
  2 frilled lizards (D:2)
36 creatures vanquished.

Vanquished Creatures (others)
  102 foxfires
  7 fungi (D:4)
  4 plants (D:4)
113 creatures vanquished.

Grand Total: 149 creatures vanquished

Notes
Turn   | Place    | Note
-------+----------+-------------------------------------------
     0 | D:1      | 101zpm the Djinni Fire Elementalist began the quest for the
                  | Orb.
     0 | D:1      | 101zpm set off with the following spells memorised:
                  | Foxfire, Scorch, Conjure Flame, Inner Flame, Flame Wave.
     0 | D:1      | Reached XP level 1. HP: 15/15 MP: 0/0
   134 | D:2      | Reached XP level 2. HP: 16/21 MP: 0/0
   301 | D:2      | Reached skill level 3 in Spellcasting
   380 | D:2      | Reached XP level 3. HP: 17/25 MP: 0/0
   380 | D:2      | Learned a level 1 spell: Magic Dart
   562 | D:4      | Reached XP level 4. HP: 20/31 MP: 0/0
   682 | D:4      | Reached skill level 4 in Spellcasting
   682 | D:4      | Reached XP level 5. HP: 7/35 MP: 0/0
   682 | D:4      | Learned a level 2 spell: Static Discharge
  1100 | D:4      | Noticed Robin
  1105 | D:4      | Killed Robin
  1141 | D:4      | Mangled by an iguana

Illustrated notes

Levels and vault maps discovered:
D:1:      co_arrival_square_in_a_square_in_a_square, layout_rooms,
          dilly_ecumenical_altar_fadedgnrine
D:2:      layout_rooms, wad_floor_pattern_1
D:3:      layout_loops_corners, uniq_crazy_yiuf_cottage, uniq_jessica
D:4:      old_forge, layout_cave_pools, lemuel_round_altar, serial_shops, shop,
          uniq_robin

Skill      XL: |  1  2  3  4 |
---------------+-------------+-----
Spellcasting   | 3 4 |  4.3
Stealth        | 2 |  2.0
Dodging        | |  2.6

Action                   |  1- 3 |  4- 6 || total
-------------------------+-------+-------++-------
Melee: Unarmed           |       |     1 ||     1
 Cast: Foxfire           |    26 |    37 ||    63
       Magic Dart        |     9 |       ||     9
       Scorch            |     1 |     7 ||     8
       Inner Flame       |       |     8 ||     8
Armor: Robe              |     2 |       ||     2
Dodge: Dodged            |       |     2 ||     2
